 Dungeon Crawl Stone Soup version 0.30-a0-1016-gfb0d676c02 (webtiles) character file.

Game seed: 5426642048069684927

148 CornPuffBuddha the Chopper (level 5, -2/47 HPs)
             Began as a Hill Orc Monk on Apr 7, 2023.
             Splashed by a jelly's acid (9 damage)
             ... in a sewer.
             The game lasted 00:08:02 (2406 turns).

CornPuffBuddha the Chopper (Hill Orc Monk)          Turns: 2406, Time: 00:08:04

Health: -2/47      AC: -6    Str: 16    XL:     5   Next: 30%
Magic:  5/5        EV: 10    Int: 10    God:
Gold:   117        SH:  0    Dex: 13    Spells: 4/4 levels left

rFire   . . .      SeeInvis .    a - +0 hand axe
rCold   . . .      Faith    .    (no shield)
rNeg    . . .      Spirit   .    k - +0 scale mail
rPois   .          Reflect  .    (no helmet)
rElec   .          Rampage  .    (no cloak)
rCorr   .                        (no gloves)
Will    .....                    (no boots) Stlth
                                 (no amulet)
HPRegen 0.27/turn                (no ring)
MPRegen 0.09/turn                (no ring)

@: corroded
A: no striking features
a: no special abilities


You were in a sewer.
You visited 1 branch of the dungeon, and saw 3 of its levels.
You also visited: Sewer.

You collected 117 gold pieces.

Inventory:

Hand Weapons
 a - a +0 hand axe (weapon)
Missiles
 h - 6 boomerangs (quivered)
Armour
 b - a +0 robe
 g - a +0 leather armour
 k - a +0 scale mail (worn)
Scrolls
 d - 2 scrolls of teleportation {unknown}
 e - a scroll of magic mapping {unknown}
 f - 4 scrolls of identify {unknown}
 i - a scroll of vulnerability {unknown}
 j - a scroll of noise {unknown}
 m - a scroll of fear {unknown}
Potions
 c - a potion of ambrosia
 l - a potion of resistance {unknown}
 n - 2 potions of experience {unknown}


   Skills:
 + Level 4.9 Fighting
 * Level 6.7 Axes
 - Level 2.4 Dodging
 - Level 1.5 Stealth


You had 4 spell levels left.
You didn't know any spells.
Your spell library was empty.

Dungeon Overview and Level Annotations

Branches:
Dungeon (3/15)              Sewer (1/1)

Altars:


Message History

No target in view!
No target in view!
A jelly comes into view.
The jelly quivers.
Found a brown potion, an orange potion and a viscous white potion.
Sorry, you're not good enough to have a special ability.
Found a silvery potion.
Found a viscous altar of Jiyva.
The jelly closely misses you.
You hit the jelly.
Your hands burn!
The jelly is moderately wounded.
The jelly hits you but does no damage.
You hit the jelly but do no damage.
Your hands burn!
The jelly is moderately wounded.
The jelly closely misses you.
You hit the jelly but do no damage.
Your hands burn!
The jelly is moderately wounded.
The jelly closely misses you.
You hit the jelly but do no damage.
Your hands burn!
The jelly is moderately wounded.
The jelly hits you but does no damage.
You hit the jelly.
Your hands burn!
The jelly is severely wounded.
The jelly hits you but does no damage.
You hit the jelly but do no damage.
Your hands burn!
The jelly is severely wounded.
The jelly hits you. The acid corrodes you!
You are splashed with acid.
You hit the jelly but do no damage. The acid corrodes you!
Your hands burn!
The jelly is severely wounded.
The jelly misses you.
You hit the jelly but do no damage.
Your hands burn!
The jelly is severely wounded.
The jelly hits you.
You are splashed with acid.
* * * LOW HITPOINT WARNING * * *
You hit the jelly but do no damage.
Your hands burn!
* * * LOW HITPOINT WARNING * * *
The jelly is severely wounded.
The jelly hits you.
* * * LOW HITPOINT WARNING * * *
The acid corrodes you!
You are splashed with acid!
You die...

~..## .~~# ## #
######~.## #~~ ####~
##.~.~#..~##..~ .!~~.
##∩..~~.~~.#~.~#
_!~~.~
#..~##...~~~..#
!!.~~~#
#†~##~~.~...~#
#~~..~##~.#..~##..~~#
#~J@.~.##.##~~.~.##
##~~~~~.###~.~.~..##
####...~~~..##.~.~#
##....~.# ##~~~†
####~~## ##.~~ #.~#
###. #~~~. ## .. # #


You could see a jelly.

Vanquished Creatures
  3 adders
  2 worms
  4 dart slugs
  10 ball pythons
  9 endoplasms
  13 giant cockroaches
  4 goblins
  4 hobgoblins
  18 jackals
  2 quokkas
  2 bats (D:2)
  11 frilled lizards
  8 kobolds
  8 rats
98 creatures vanquished.

Vanquished Creatures (others)
  A rat (D:1)
  4 plants (D:3)
5 creatures vanquished.

Grand Total: 103 creatures vanquished

Notes
Turn   | Place    | Note
-------+----------+-------------------------------------------
     0 | D:1      | CornPuffBuddha the Hill Orc Monk began the quest for the
                  | Orb.
     0 | D:1      | Reached XP level 1. HP: 19/19 MP: 1/1
    17 | D:1      | You fall into a shaft and drop 1 floor!
    55 | D:2      | Reached XP level 2. HP: 6/27 MP: 2/2
   465 | D:1      | Reached skill level 5 in Axes
   488 | D:1      | Reached XP level 3. HP: 31/33 MP: 3/3
  1068 | D:2      | Reached XP level 4. HP: 31/41 MP: 4/4
  1335 | D:2      | Reached skill level 6 in Axes
  2195 | D:3      | Found a glowing drain.
  2212 | Sewer    | Entered a sewer
  2238 | Sewer    | Reached XP level 5. HP: 46/47 MP: 5/5
  2397 | Sewer    | Found a viscous altar of Jiyva.
  2406 | Sewer    | Splashed by a jelly's acid

Illustrated notes

Levels and vault maps discovered:
D:1:      wander_arrival_desolate, layout_rooms, serial_forest,
          infiniplex_forest_straight_2, infiniplex_forest_corner_1,
          infiniplex_forest_straight_4, infiniplex_forest_corner_2,
          infiniplex_forest_lined_4_way, infiniplex_forest_clump_curved,
          infiniplex_forest_lined_room_2, minmay_vboxes
D:2:      layout_loops_ring
D:3:      layout_loops_cross, elyvilon_altar_5,
          nicolae_hepliaklqana_ecumenical_no_more, gup_sewer_entry_bowl,
          serial_bayou_pond_b
Sewer:    sewer_hellmonk_slimy_pipes

Skill      XL: |  1  2  3  4 |
---------------+-------------+-----
Fighting       | 4 |  4.9
Axes           | 5 6 |  6.7
Dodging        | |  2.4
Stealth        | |  1.5

Action                     |  1- 3 |  4- 6 || total
---------------------------+-------+-------++-------
  Melee: Hand axe          |   123 |   220 ||   343
         Punch             |     1 |     1 ||     2
   Stab: Sleeping          |     1 |       ||     1
 Armour: Robe              |    26 |       ||    26
         Leather armour    |     7 |    12 ||    19
         Scale mail        |       |    67 ||    67
  Dodge: Dodged            |   103 |   111 ||   214

Table legend: (Time is in decaauts)
 A = Elapsed time spent in this place.
 B = Non-inter-level travel time spent in this place.
 C = Inter-level travel time spent in this place.
 D = Time resting spent in this place.
 E = Time spent auto-exploring this place.
 F = Levels seen in this place.
 G = Mean time per level.
                   A        B        C        D        E       F      G
               +--------+--------+--------+--------+--------+-----+--------+
         Total |   2433 |   2296 |    137 |    396 |   1214 |   4 |  608.2 |
       Dungeon |   2228 |   2091 |    137 |    396 |   1155 |   3 |  742.7 |
         Sewer |    205 |    205 |      0 |      0 |     59 |   1 |  205.0 |
               +--------+--------+--------+--------+--------+-----+--------+

Top non-repeatable levels by time:
     D:2: 1118 daAuts
     D:1: 803 daAuts
     D:3: 306 daAuts
   Sewer: 205 daAuts
